 Dungeon Sprint DCSS version 0.19-b1-4-gd8a0a2a (webtiles) character file.

270 LORDOFBUTT the Unseen (level 6, -1/30 HPs)
             Began as a Spriggan Assassin on Oct 31, 2016.
             Splashed by a jelly's acid (9 damage)
             ... in the Dungeon (Sprint I: "Red Sonja").
             The game lasted 00:00:57 (185 turns).

LORDOFBUTT the Unseen (Spriggan Assassin)            Turns: 185, Time: 00:00:57

Health: -1/30      AC: -5    Str:  7    XL:     6   Next: 1%
Magic:  7/7        EV: 17    Int: 13    God:
Gold:   162        SH:  0    Dex: 19    Spells: 0 memorised, 5 levels left

rFire  . . .     SeeInvis +     a - +2 dagger
rCold  . . .     Gourm    .     c - +0 robe
rNeg   . . .     Faith    .     (shield restricted)
rPois  .         Spirit   .     (helmet restricted)
rElec  .         Reflect  .     d - +0 cloak
rCorr  .         Harm     .     (gloves unavailable)
MR     +....     NoTele   +     (boots unavailable)
Stlth  +++++++...               (no amulet)
                                (no ring)
                                (no ring)

@: corroded, very quick
A: unfitting armour, see invisible, herbivore 3, speed 3, slow metabolism 2
a: no special abilities


You were in the Dungeon.
You were not hungry.

You visited 1 branch You collected 162 gold pieces.

Inventory:

Hand Weapons
 a - a +2 dagger (weapon)
 b - a +0 blowgun
Missiles
 e - 5 poisoned needles
 f - 2 curare-tipped needles
Armour
 c - a +0 robe (worn)
 d - a +0 cloak (worn)
Scrolls
 m - a scroll of blinking
Potions
 h - a potion of curing
 i - a potion of heal wounds
 j - a potion of haste
 k - 2 potions of magic
 l - a potion of berserk rage
Comestibles
 g - a bread ration


   Skills:
 - Level 1.5 Fighting
 - Level 2.1 Short Blades
 - Level 2.0 Throwing
 - Level 1.5 Dodging
 + Level 18.3 Stealth


You had 5 spell levels left.
You didn't know any spells.

Dungeon Overview and Level Annotations

Branches:
Dungeon (1/1)

Altars:
Sif Muna


Innate Abilities, Weirdness & Mutations

You are very small and have problems with some larger weapons.
You are too small for most types of armour.
You have supernaturally acute eyesight. (SInv)
You are a herbivore.
You cover ground extremely quickly.
You need consume almost no food.


Message History

Wield which item (- for none, * to show all)? (? for menu, Esc to quit)
a - a +2 dagger (weapon)
You barely miss the jelly. The jelly hits you.
You are splashed with acid!
The acid burns!
You hit the jelly. The acid corrodes you!
Your hands burn!
The jelly is lightly wounded.
The jelly barely misses you.
You hit the jelly.
Your hands burn!
The jelly is lightly wounded.
The jelly completely misses you.
You hit the jelly but do no damage. The acid corrodes you!
Your hands burn!
* * * LOW HITPOINT WARNING * * *
The jelly is lightly wounded.
The jelly closely misses you.
You barely miss the jelly.
The jelly is lightly wounded.
The jelly hits you.
* * * LOW HITPOINT WARNING * * *
You are splashed with acid!
The acid burns!
You die...

################
#<.#..'..#.)'..#
#..)..#@J((.#..+
#..#####'#####.#
#..# #..# #[#
#..# #### #)#
#..# ..+ #⌠⌠#
._# #### .#+# +


You could see a jelly.

Vanquished Creatures
  Sigmund (D)
  An ogre (D)
  Ijyb (D)
3 creatures vanquished.

Notes
Turn   | Place    | Note
-------+----------+-------------------------------------------
     0 | D        | LORDOFBUTT the Spriggan Assassin began the quest for the Orb.
     0 | D        | Reached XP level 1. HP: 10/10 MP: 2/2
     2 | D        | Noticed Ijyb
    31 | D        | Killed Ijyb
    31 | D        | Reached skill level 10 in Stealth
    31 | D        | Reached XP level 2. HP: 9/14 MP: 3/3
    42 | D        | Noticed an ogre
    46 | D        | Killed an ogre
    46 | D        | Reached skill level 14 in Stealth
    46 | D        | Reached XP level 3. HP: 12/18 MP: 4/4
    46 | D        | Reached XP level 4. HP: 15/22 MP: 5/5
   147 | D        | Noticed Sigmund
   150 | D        | Killed Sigmund
   150 | D        | Reached skill level 18 in Stealth
   150 | D        | Reached XP level 5. HP: 25/25 MP: 6/6
   150 | D        | Reached XP level 6. HP: 30/30 MP: 7/7
   163 | D        | Found a deep blue altar of Sif Muna.
   185 | D        | Splashed by a jelly's acid

Skill      XL: |  1  2  3  4 |
---------------+-------------+-----
Stealth        | 10 14 18 | 18.3
Fighting       | |  1.5
Short Blades   | |  2.1
Throwing       | |  2.0
Dodging        | |  1.5

Action                   |  1- 3 |  4- 6 || total
-------------------------+-------+-------++-------
Melee: Dagger            |    18 |     6 ||    24
 Fire: Blowgun           |     6 |     2 ||     8
 Stab: Sleeping          |     1 |     1 ||     2
Armor: Robe              |     4 |       ||     4
Dodge: Dodged            |    12 |     3 ||    15
